 Dungeon Crawl Stone Soup version 0.30-a0-528-g8c47a4955b (webtiles) character file.

Game seed: 4487044219477540765

697 sanka the Geomancer (level 7, -5/43 HPs)
             Began as a Gargoyle Earth Elementalist on Dec 23, 2022.
             Was an Initiate of Vehumet.
             Killed from afar by a steam dragon (19 damage)
             ... with a ball of steam
             ... on level 5 of the Dungeon on Dec 24, 2022.
             The game lasted 00:06:30 (4145 turns).

sanka the Geomancer (Gargoyle Earth Elementalist)   Turns: 4145, Time: 00:06:31

Health: -5/43      AC:  7    Str: 12    XL:     7   Next: 65%
Magic:  5/10       EV: 16    Int: 17    God:    Vehumet [......]
Gold:   289        SH:  0    Dex: 10    Spells: 4/10 levels left

rFire   . . .      SeeInvis .    j - +2 dagger (protect)
rCold   . . .      Faith    .    (no shield)
rNeg    + . .      Spirit   .    a - +0 robe
rPois   ∞          Reflect  .    (no helmet)
rElec   +          Harm     .    (no cloak)
rCorr   .          Rampage  .    (no gloves)
Will    +....                    y - +0 pair of boots
Stlth   ++                       (no amulet)
HPRegen 0.27/turn                u - +4 ring of evasion
MPRegen 0.12/turn                i - ring of willpower

@: no status effects
A: sickness immunity, AC +4, negative energy resistance 1, electricity
resistance, torment resistance 1, petrification resistance
a: Renounce Religion


You were on level 5 of the Dungeon.
You worshipped Vehumet.
Vehumet was noncommittal.
You visited 2 branches of the dungeon, and saw 6 of its levels.
You also visited: Sewer.

You collected 289 gold pieces.


Innate Abilities, Weirdness & Mutations

You are immune to sickness and miasma.
Your stone body is resilient. (AC +4)
You are immune to poison.
You resist negative energy. (rN+)
You are resistant to electric shocks. (rElec)
You are resistant to unholy torment.
You are immune to petrification.


   Skills:
 - Level 4.0 Fighting
 + Level 3.6 Dodging
 - Level 2.1 Stealth
 - Level 2.0 Spellcasting
 - Level 0.7 Transmutations
 - Level 8.0 Earth Magic


You had 4 spell levels left.
You knew the following spells:

 Your Spells              Type           Power      Damage    Failure   Level
x - Stone Arrow           Conj/Erth      30%        3d8       11%         3
z - Sandblast             Erth           56%        2d13      1%          1
N - Passwall              Tmut/Erth      13%        N/A       4%          2

Your spell library contained the following spells:

 Spells                   Type           Power      Damage    Failure   Level
 Petrify                  Tmut/Erth      16%        N/A       32%         4

Inventory:

Hand Weapons
 j - a +2 dagger of protection (weapon)
Armour
 a - a +0 robe (worn)
 o - a +0 troll leather armour {Pargi}
 y - a +0 pair of boots (worn)
Jewellery
 i - a ring of willpower (right hand)
 u - a +4 ring of evasion (left hand)
 z - a ring of see invisible
Wands
 p - a wand of iceblast (9)
 w - a wand of light (8)
Scrolls
 c - 5 scrolls of identify {unknown}
 d - a scroll of fear {unknown}
 e - 2 scrolls of noise {unknown}
 h - a scroll of poison {unknown}
 k - a scroll of teleportation {unknown}
 l - a scroll of vulnerability {unknown}
 n - a scroll of blinking {unknown}
 s - a scroll of enchant armour {unknown}
Potions
 b - a potion of magic
 f - 2 potions of cancellation {unknown}
 g - a potion of brilliance {unknown}
 m - a potion of resistance {unknown}
 q - a potion of might {unknown}
 r - a potion of ambrosia {unknown}
 t - a potion of degeneration {unknown}
 v - a potion of haste {unknown}
 x - a potion of curing {unknown}

Dungeon Overview and Level Annotations

Branches:
Dungeon (5/15)             Temple (1/1) D:5           Sewer (visited)

Altars:
Ashenzari
Cheibriados
Dithmenos
Elyvilon
Fedhas
Gozag
Hepliaklqana
Makhleb
Nemelex Xobeh
Okawaru
Ru
Sif Muna
Uskayaw
Vehumet
Wu Jian
Xom
Yredelemnul
Zin
The Shining One

▒▒▒▒ ▒▒▒ ▒▒▒...▒▒▒
▒▒▒(..▒
........▒▒▒▒#......
........#.#8D......
.......#.▒▒▒▒......
........▒▒ .....
.........▒ ....
▒▒.........▒ ...
▒..........▒ ..
▒..........▒ .
▒..........▒▒
▒...........▒


You could see a steam dragon (catching breath).


Message History

The blast of sand hits the steam dragon.
The steam dragon is lightly wounded.
The blast of sand hits the steam dragon.
The steam dragon is moderately wounded.
The steam dragon closely misses you.
The steam dragon claws you but does no damage.
The blast of sand misses the steam dragon.
The steam dragon bites you. The steam dragon claws you.
The blast of sand hits the steam dragon!
The steam dragon is severely wounded.
The steam dragon bites you.
The steam dragon claws you but does no damage.
The steam dragon breathes steam at you. The ball of steam misses you.
The blast of sand hits the steam dragon.
The steam dragon is almost dead.
You are engulfed in a cloud of scalding steam.
* * * LOW HITPOINT WARNING * * *
The steam dragon bites you but does no damage.
The steam dragon claws you but does no damage.
The blast of sand hits the steam dragon but does no damage.
The steam dragon is almost dead.
You are engulfed in a cloud of scalding steam.
* * * LOW HITPOINT WARNING * * *
The steam dragon closely misses you. The steam dragon completely misses you.
The steam dragon breathes steam at you. The ball of steam hits you!!
You die...

Action                   |  1- 3 |  4- 6 |  7- 9 || total
-------------------------+-------+-------+-------++-------
Melee: Unarmed           |     9 |       |       ||     9
       Dagger            |     9 |    34 |     2 ||    45
 Cast: Sandblast         |    48 |    46 |    33 ||   127
 Stab: Sleeping          |       |     1 |       ||     1
Armor: Robe              |    19 |    38 |    11 ||    68
Dodge: Dodged            |    23 |    35 |    26 ||    84

Levels and vault maps discovered:
D:1:      dpeg_arrival_houses_and_road, layout_basic, interstate_on_off,
          wad_floor_pattern_1, minmay_misc_feat_doors
D:2:      layout_loops_ring, kennysheep_cross_bottleneck
D:3:      layout_loops_ring, gup_sewer_entry_spiral,
          shapermc_ecumenical_altar_hornbeckon, minmay_misc_feat_more_columns,
          hex_large
D:4:      layout_rooms, st_stairs_4, amethyst_killhole, uniq_ijyb
D:5:      layout_cave_pods, minmay_temple_entry_large_hall, abandoned_shop,
          uniq_menkaure, uniq_blork_the_orc, uniq_sigmund
Temple:   hellmonk_temple_of_storms

Notes
Turn   | Place    | Note
-------+----------+-------------------------------------------
     0 | D:1      | sanka the Gargoyle Earth Elementalist began the quest for
                  | the Orb.
     0 | D:1      | Reached XP level 1. HP: 10/10 MP: 3/3
    55 | D:1      | Reached skill level 4 in Earth Magic
   123 | D:1      | Reached XP level 2. HP: 15/15 MP: 0/5
   178 | D:1      | Learned a level 2 spell: Passwall
   462 | D:1      | Reached XP level 3. HP: 19/19 MP: 3/6
   529 | D:1      | Reached skill level 5 in Earth Magic
  1374 | D:2      | Reached XP level 4. HP: 23/24 MP: 2/7
  1755 | D:3      | Reached skill level 6 in Earth Magic
  1796 | D:3      | Found a faded altar of an unknown god.
  1988 | D:3      | Reached XP level 5. HP: 21/28 MP: 2/8
  2044 | D:3      | Reached skill level 7 in Earth Magic
  2064 | D:3      | Found a glowing drain.
  2070 | Sewer    | Entered a sewer
  2197 | Sewer    | Noticed Pargi
  2201 | Sewer    | Killed Pargi
  2202 | Sewer    | Reached skill level 8 in Earth Magic
  2202 | Sewer    | Reached XP level 6. HP: 31/33 MP: 4/9
  2245 | Sewer    | Learned a level 3 spell: Stone Arrow
  2364 | D:3      | Reached skill level 1 in Fighting
  2396 | D:3      | Reached skill level 2 in Dodging
  3015 | D:4      | Reached skill level 2 in Fighting
  3048 | D:4      | Noticed a black bear
  3056 | D:4      | Killed a black bear
  3057 | D:4      | Reached XP level 7. HP: 29/40 MP: 5/10
  3133 | D:4      | Reached skill level 3 in Fighting
  3246 | D:4      | Reached skill level 3 in Dodging
  3557 | D:4      | Noticed Ijyb
  3563 | D:4      | Killed Ijyb
  3742 | D:5      | Entered Level 5 of the Dungeon
  3955 | D:4      | Reached skill level 4 in Fighting
  4045 | D:5      | Found a staircase to the Ecumenical Temple.
  4066 | Temple   | Entered the Ecumenical Temple
  4104 | Temple   | Became a worshipper of Vehumet
  4137 | D:5      | Noticed a steam dragon
  4145 | D:5      | Killed from afar by a steam dragon

Vanquished Creatures
  Pargi (Sewer)
  A black bear (D:4)
  A centaur (D:5)
  A scorpion (D:4)
  A jelly (D:4)
  An orc priest (D:3)
  A hound (D:4)
  Ijyb (D:4)
  An iguana (D:4)
  An orc wizard (D:3)
  8 adders
  4 gnolls (D:3)
  A river rat (D:3)
  3 worms
  4 dart slugs
  2 orcs (D:3)
  4 endoplasms
  3 giant cockroaches
  4 goblins
  6 hobgoblins
  2 jackals (D:3)
  8 quokkas
  3 ball pythons
  5 bats
  2 frilled lizards
  12 kobolds
  7 rats
88 creatures vanquished.
